 Dungeon Crawl Stone Soup version 0.17-a0-587-g4707e02 (webtiles) character file.

523 frag the Ducker (level 7, -4/67 HPs)
             Began as a Troll Berserker on Apr 15, 2015.
             Was a Priest of Trog.
             Slain by a centaur (6 damage)
             ... on level 4 of the Dungeon.
             The game lasted 00:10:18 (2217 turns).

frag the Ducker (Troll Berserker)                   Turns: 2217, Time: 00:10:18

Health: -4/67      AC:  5    Str: 27    XL:     7   Next: 2%
Magic:  6/6        EV: 11    Int:  4    God:    Trog [***...]
Gold:   163        SH:  0    Dex:  9    Spells: 0 memorised, 6 levels left

rFire  . . .     SeeInvis .       - Unarmed
rCold  . . .     Clarity  .     b - +0 animal skin
rNeg   . . .     SustAb   .     (no shield)
rPois  .         Gourm    +     (helmet restricted)
rElec  .         Spirit   .     (no cloak)
rCorr  .         Warding  .     (gloves unavailable)
rMut   .         Stasis   +     (boots unavailable)
MR     .....                    n - amulet of stasis
Stlth  +.........               (no ring)
                                (no ring)

@: not resistant to hostile enchantments, very unstealthy
A: unfitting armour, claws 3, fast metabolism 3, gourmand, regeneration 2,
shaggy fur 1, tough skin 2
a: Burn Spellbooks, Berserk, Trog's Hand, Renounce Religion


You were on level 4 of the Dungeon.
You worshipped Trog.
Trog was most pleased with you.
You were very full.

You visited 1 branch of the dungeon, and saw 4 of its levels.

You collected 163 gold pieces.

Inventory:

Hand weapons
 e - a +2 quarterstaff of chaos
Missiles
 d - 4 large rocks (quivered)
Armour
 b - a +0 animal skin (worn)
 g - a +0 cloak
Jewellery
 n - an amulet of stasis (around neck)
Scrolls
 c - a scroll of teleportation
 i - a scroll of blinking {unknown}
 k - 5 scrolls of identify
 o - a scroll of amnesia
Potions
 f - a potion of invisibility {unknown}
 h - a potion of mutation {unknown}
 l - a potion of restore abilities {unknown}
 m - a potion of lignification {unknown}
 p - a potion of haste {unknown}
 q - a potion of might {unknown}
Comestibles
 a - 2 bread rations
 j - a beef jerky


   Skills:
 + Level 3.5 Fighting
 + Level 5.0 Dodging
 + Level 0.1 Stealth
 + Level 5.0 Unarmed Combat


You had 6 spell levels left.
You didn't know any spells.

Dungeon Overview and Level Annotations

Branches:
Dungeon (4/15)             Temple (0/1) D:4

Altars:


Innate Abilities, Weirdness & Mutations

You are too large for most types of armour.
You have claws for hands.
Your metabolism is lightning-fast.
You like to eat raw meat.
You heal very quickly.
You are covered in fur (AC +1).
You have very tough skin (AC +2).


Message History

The centaur shoots an arrow.
The arrow hits you!
You see here an arrow.
The centaur unwields an uncursed shortbow.
The centaur hits you.
* * * LOW HITPOINT WARNING * * *
You barely miss the centaur. The centaur hits you!
* * * LOW HITPOINT WARNING * * *
You scratch the centaur.
The centaur begins to bleed from its wounds!
Your claw misses the centaur.
The centaur is moderately wounded.
The centaur hits you!
* * * LOW HITPOINT WARNING * * *
The centaur closely misses you.
Drink which item? (? for menu, Esc to quit)
Okay, then.
You closely miss the centaur.
The centaur is moderately wounded.
The centaur hits you.
You die...

.....##...#####
.....''...')).####
.....#....###....#####
........##...##.......
...#...#..###..#..###
......#..#...#..#.#
......#.#.###.#(#.#
..)..#.#.#...#.#(#.
##'###o#.#.>.#.#@# #.#
.# #.. #.#c# #.#
#.#.## .#.#. #....#. #
#.. .. ###...#.
..#.... ....# .##
..... ..... ## ......
.... #+## ..


You could see a centaur (bleeding).

Vanquished Creatures
  An ogre (D:4)
  The ghost of kal9871 the Ducker, an average SpAK of Lugonu (D:3)
  Blork the orc (D:4)
  A scorpion (D:3)
  An orc priest (D:4)
  Crazy Yiuf (D:2)
  3 orc wizards (D:4)
  5 adders
  A worm (D:4)
  A giant gecko (D:3)
  4 orcs (D:4)
  2 ball pythons
  3 giant cockroaches (D:2)
  6 hobgoblins
  4 jackals (D:1)
  9 bats
  3 giant newts
  4 goblins
  12 kobolds
  2 quokkas
  7 rats
72 creatures vanquished.

Notes
Turn   | Place    | Note
--------------------------------------------------------------
     0 | D:1      | frag, the Troll Berserker, began the quest for the Orb.
     0 | D:1      | Reached XP level 1. HP: 22/22 MP: 0/0
   217 | D:1      | Reached XP level 2. HP: 25/29 MP: 1/1
   732 | D:2      | Acquired Trog's second power
   847 | D:2      | Reached XP level 3. HP: 36/36 MP: 2/2
   889 | D:2      | Noticed Crazy Yiuf
   903 | D:2      | Killed Crazy Yiuf
   987 | D:2      | Reached XP level 4. HP: 34/45 MP: 3/3
  1520 | D:3      | Noticed kal9871's ghost (average SpAK)
  1526 | D:3      | Killed kal9871's ghost
  1526 | D:3      | Reached XP level 5. HP: 37/53 MP: 4/4
  1589 | D:3      | Reached skill level 4 in Unarmed Combat
  1973 | D:4      | Reached XP level 6. HP: 57/61 MP: 5/5
  2108 | D:4      | Noticed an ogre
  2117 | D:4      | Killed an ogre
  2147 | D:4      | Noticed Blork the orc
  2161 | D:4      | Killed Blork the orc
  2203 | D:4      | Reached skill level 5 in Dodging
  2203 | D:4      | Reached skill level 5 in Unarmed Combat
  2203 | D:4      | Reached XP level 7. HP: 32/67 MP: 6/6
  2209 | D:4      | Found a staircase to the Ecumenical Temple.
  2211 | D:4      | Noticed a centaur
  2216 | D:4      | HP: 1/67 [centaur (7)]
  2217 | D:4      | Slain by a centaur

Action                   |  1- 3 |  4- 6 |  7- 9 || total
-------------------------+-------+-------+-------++-------
Melee: Unarmed           |   100 |   112 |     3 ||   215
  Use: Scroll            |     4 |     2 |       ||     6
       Potion            |     3 |       |       ||     3
  Eat: Chunk             |    11 |    13 |       ||    24
